 Dungeon Crawl Stone Soup version 0.18.1-48-g4cf74bf (webtiles) character file.

102 poirepourri the Firebug (level 4, -9/24 HPs)
             Began as a Gargoyle Fire Elementalist on July 6, 2016.
             Shot with an arrow by a centaur (15 damage)
             ... on level 4 of the Dungeon.
             The game lasted 00:03:53 (3287 turns).

poirepourri the Firebug (GrFE)                      Turns: 3287, Time: 00:03:54

Health: -9/24      AC:  5    Str: 11    XL:     4   Next: 77%
Magic:  8/8        EV: 12    Int: 17    God:
Gold:   82         SH:  0    Dex: 10    Spells: 3 memorised, 3 levels left

rFire  . . .     SeeInvis .     k - +0 short sword
rCold  . . .     Gourm    .     a - +0 robe
rNeg   + . .     Faith    .     (no shield)
rPois  ∞         Spirit   .     (no helmet)
rElec  +         Dismiss  .     (no cloak)
rCorr  .         Reflect  .     (no gloves)
SustAt .         Harm     .     (no boots)
MR     .....                    (no amulet)
Stlth  ++........               (no ring)
                                (no ring)

@: not resistant to hostile enchantments, unstealthy
A: negative energy resistance 1, electricity resistance, unbreathing,
petrification resistance, rot immunity, AC +3
a: no special abilities


You were on level 4 of the Dungeon.
You were not hungry.

You visited 1 branch of the dungeon, and saw 4 of its levels.

You collected 82 gold pieces.

Inventory:

Hand Weapons
 i - a cursed +0 mace
 k - a +0 short sword (weapon)
Armour
 a - a +0 robe (worn)
Scrolls
 d - a scroll of amnesia
 h - a scroll of remove curse
Potions
 c - 4 potions of agility
 e - 2 potions of magic
 f - a potion of mutation {unknown}
 g - a potion of heal wounds {unknown}
Books
 b - a book of Flames

   Spells                             Type                      Level
   a - Flame Tongue                   Conjuration/Fire             1
   b - Throw Flame                    Conjuration/Fire             2
   c - Conjure Flame                  Conjuration/Fire             3
   d - Inner Flame                    Hexes/Fire                   3
   e - Sticky Flame                   Conjuration/Fire             4
   f - Fireball                       Conjuration/Fire             5
Comestibles
 j - a bread ration


   Skills:
 + Level 2.0 Dodging
 + Level 2.6 Stealth
 + Level 3.0 Spellcasting
 + Level 1.5 Conjurations
 + Level 3.9 Fire Magic


You had 3 spell levels left.
You knew the following spells:

 Your Spells              Type           Power        Failure   Level  Hunger
a - Flame Tongue          Conj/Fire      ##...        6%          1    None
b - Throw Flame           Conj/Fire      ##....       10%         2    ##.....
c - Conjure Flame         Conj/Fire      ##......     17%         3    ###....


Dungeon Overview and Level Annotations

Branches:
Dungeon (4/15)
 Temple: D:4-7

Altars:
Fedhas

Annotations:
D:3 TBriggs11TB's ghost, amateur DDHu


Innate Abilities, Weirdness & Mutations

You are resistant to torment.
Your stone body is resilient (AC +3).
You are immune to poison.
You resist negative energy.
You are resistant to electric shocks.
You can survive without breathing.
You are immune to petrification.
You are immune to rotting.


Message History

The orc wizard casts a spell.
The orc wizard seems to speed up.
A worker ant and an ogre come into view.
The ogre shouts!
The orc misses you.
The centaur wields a shortbow.
The centaur shoots an arrow.
The arrow hits you!
The centaur shoots an arrow.
The arrow hits you.
* * * LOW HITPOINT WARNING * * *
You see here 2 arrows.
Read which item? (? for menu, Esc to quit)
You don't have any such object.
Read which item? (? for menu, Esc to quit)
Huh?
Read which item? (? for menu, Esc to quit)
Huh?
Read which item? (? for menu, Esc to quit)
Okay, then.
The centaur shoots an arrow.
The arrow hits you!
Ouch! That really hurt!
You die...

.a.....!..................
..(.....$........#####.#.#
...O.............##..#.#..
.....!...............#†#.#
#####..o.a......####.#.#.#
#...o.......# #.#.#..
#####.####.## #.#.### #o#
#.# #.#.# # #@# #.# #)#.#
# #......#.# #.#.###
#.#.##.#.# #.#.... #.#..
#.# #.##### # ##c #.#
#.##... ## #.# #....## ..#
###### ###


You could see a centaur, a worker ant, an orc wizard and an orc.

Vanquished Creatures
  4 gnolls
  An adder (D:2)
  A dart slug (D:2)
  3 giant geckos
  5 giant cockroaches
  3 goblins
  10 hobgoblins
  3 jackals
  5 kobolds
  5 bats
  2 giant newts (D:1)
  A rat (D:1)
43 creatures vanquished.

Notes
Turn   | Place    | Note
--------------------------------------------------------------
     0 | D:1      | poirepourri the Gargoyle Fire Elementalist began the quest for the Orb.
     0 | D:1      | Reached XP level 1. HP: 10/10 MP: 3/3
   314 | D:1      | Reached XP level 2. HP: 15/15 MP: 1/5
   656 | D:1      | Learned a level 2 spell: Throw Flame
  1024 | D:1      | Reached XP level 3. HP: 19/19 MP: 4/6
  1617 | D:1      | Learned a level 3 spell: Conjure Flame
  1850 | D:2      | Reached XP level 4. HP: 23/24 MP: 4/7
  3020 | D:3      | Found a blossoming altar of Fedhas.
  3170 | D:3      | Noticed TBriggs11TB's ghost (amateur DDHu)
  3283 | D:4      | Noticed a centaur
  3284 | D:4      | Noticed an ogre
  3287 | D:4      | Shot with an arrow by a centaur

Skill      XL: |  1  2  3  4 |
---------------+-------------+-----
Dodging        | 2 |  2.0
Spellcasting   | 3 |  3.0
Stealth        | |  2.6
Conjurations   | |  1.5
Fire Magic     | |  3.9

Action                   |  1- 3 |  4- 6 || total
-------------------------+-------+-------++-------
Melee: Unarmed           |     1 |       ||     1
       Short sword       |       |     2 ||     2
 Cast: Flame Tongue      |    50 |    13 ||    63
       Throw Flame       |     9 |    15 ||    24
  Use: Scroll            |     4 |     2 ||     6
       Potion            |     1 |       ||     1
  Eat: Bread ration      |     1 |     1 ||     2
       Beef jerky        |       |     1 ||     1
       Chunk             |       |     1 ||     1
Armor: Robe              |    25 |     3 ||    28
Dodge: Dodged            |    30 |    14 ||    44
